 Dungeon Crawl Stone Soup version 0.29-a0-911-g88e6f02907 (webtiles) character file.

Game seed: 1138627574077456713

14 Hubris850 the Cudgeller (level 2, 0/26 HPs)
             Began as a Meteoran Cinder Acolyte on July 25, 2022.
             Was a High Priest of Ignis.
             Slain by a jackal (3 damage)
             ... on level 2 of the Dungeon.
             The game lasted 00:01:22 (186 turns).

Hubris850 the Cudgeller (Meteoran Cinder Acolyte)    Turns: 186, Time: 00:01:24

Health: 0/26       AC:  2    Str: 15    XL:     2   Next: 76%
Magic:  3/5        EV: 11    Int: 15    God:    Ignis [*****.]
Gold:   17         SH:  0    Dex:  9    Spells: 2/4 levels left

rFire   + . .      SeeInvis .   a - -1 mace (flame)
rCold   . . .      Faith    .   (no shield)
rNeg    . . .      Spirit   .   b - +0 robe
rPois   .          Reflect  .   (no helmet)
rElec   .          Harm     .   (no cloak)
rCorr   .          Rampage  .   (no gloves)
Will    .....                   (no boots)
Stlth   +.........              (no amulet)
HPRegen 0.08/turn               (no ring)
MPRegen 0.09/turn               (no ring)

@: glowing
A: sense surroundings 1, otherworldly, glowing, explore regen
a: Renounce Religion, Fiery Armour, Foxfire Swarm, Rising Flame


You were on level 2 of the Dungeon.
You worshipped Ignis.
Ignis was extremely pleased with you.
You visited 1 branch of the dungeon, and saw 2 of its levels.

You collected 17 gold pieces.

Inventory:

Hand Weapons
 a - a -1 mace of flaming (weapon)
 d - a +1 dagger of draining
Missiles
 c - 5 poisoned darts (quivered)
Armour
 b - a +0 robe (worn)
Potions
 e - a potion of curing {unknown}


   Skills:
 + Level 3.5 Fighting
 + Level 4.2 Maces & Flails
 + Level 1.9 Spellcasting
 + Level 3.9 Fire Magic


You had 2 spell levels left.
You knew the following spells:

 Your Spells              Type           Power      Damage    Failure   Level
a - Scorch                Fire           26%        2d6       7%          2

Your spell library contained the following spells:

 Spells                   Type           Power      Damage    Failure   Level


Dungeon Overview and Level Annotations

Branches:
Dungeon (2/15) Zot: 1006

Altars:


Innate Abilities, Weirdness & Mutations

You passively map a small area around you.
You are easily found by Zot.
You glow in the dark.
You regain HP and MP as you explore.


Message History

You sock the jackal! You burn the jackal.
You kill the jackal!
The jackal bites you. x2
A giant cockroach comes into view.
The jackal bites you. The jackal closely misses you.
You see here a rat corpse.
You closely miss the jackal. The jackal bites you.
You hit the jackal. You burn the jackal.
You kill the jackal!
The jackal bites you.
You hit the jackal. You burn the jackal.
The jackal is almost dead.
The jackal bites you. x2
You hit the jackal. You burn the jackal.
You kill the jackal!
The jackal bites you.
You closely miss the jackal. The jackal barely misses you.
The jackal bites you.
You closely miss the jackal. The jackal barely misses you.
You closely miss the jackal. The jackal bites you.
The jackal bites you but does no damage.
You hit the jackal but do no damage. Your punch misses the jackal.
The jackal bites you but does no damage.
The jackal misses you.
You barely miss the jackal. The jackal bites you.
You barely miss the jackal. The jackal bites you.
The jackal closely misses you.
You barely miss the jackal. The jackal bites you. x2
* * * LOW HITPOINT WARNING * * *
You hit the jackal but do no damage. Your punch misses the jackal.
The jackal bites you.
* * * LOW HITPOINT WARNING * * *
Casting: Scorch (safe; 7% risk of failure)
Confirm with . or Enter, or press ? or * to list all spells.
Flames lash the giant cockroach but do no damage.
The jackal bites you.
* * * LOW HITPOINT WARNING * * *
The jackal bites you.
You die...

* .# #.* ... #> *
...##.* , ......# , ,
.......#######. * ,
>.....†.[......
#Br....... ,
,#....#h#####..* , ##..
#@# * #. #.# * ,
#..##.## ,, ###..#...##
, , * ..r.......# *,
###..#....# , , #
#..##.#.###..# , . #.*
#..............
,..##.####.##.#.####.#.


You could see a jackal, a giant cockroach and a rat.

Vanquished Creatures
  An endoplasm (D:1)
  A giant cockroach (D:1)
  A goblin (D:1)
  A hobgoblin (D:1)
  3 jackals (D:2)
  6 rats
13 creatures vanquished.

Notes
Turn   | Place    | Note
-------+----------+-------------------------------------------
     0 | D:1      | Hubris850 the Meteoran Cinder Acolyte began the quest for
                  | the Orb.
     0 | D:1      | Reached XP level 1. HP: 19/19 MP: 3/3
    80 | D:1      | Reached XP level 2. HP: 24/26 MP: 5/5
    86 | D:1      | Learned a level 2 spell: Scorch
   186 | D:2      | Slain by a jackal

Illustrated notes

Levels and vault maps discovered:
D:1:      minmay_arrival_four_houses, layout_loops_ring, minmay_fountain_box,
          minmay_cupped
D:2:      minmay_spotlight, layout_loops_ring,
          shapermc_ecumenical_altar_hornbeckon, serial_shops,
          nicolae_lakefront_shop

Action                   || total
-------------------------++-------
Melee: Mace              ||    34
 Cast: Scorch            ||     2
Armor: Robe              ||     4
Dodge: Dodged            ||     9

Table legend: (Time is in decaauts)
 A = Elapsed time spent in this place.
 B = Non-inter-level travel time spent in this place.
 C = Inter-level travel time spent in this place.
 D = Time resting spent in this place.
 E = Time spent auto-exploring this place.
 F = Levels seen in this place.
 G = Mean time per level.
                   A        B        C        D        E       F      G
               +--------+--------+--------+--------+--------+-----+--------+
         Total |    192 |    192 |      0 |      0 |      0 |   2 |   96.0 |
       Dungeon |    192 |    192 |      0 |      0 |      0 |   2 |   96.0 |
               +--------+--------+--------+--------+--------+-----+--------+

Top non-repeatable levels by time:
     D:1: 131 daAuts
     D:2: 60 daAuts
